Rampage vs Admirals NSH

Created - Sunday, December 06, 2015 at 03:44

Goals
1 2 3 T
Rampage 0 0 1 1
Admirals NSH 0 1 1 2
Shots
1 2 3 T
Rampage 13 8 8 29
Admirals NSH 15 14 14 43

1st period

No Goal

Penalties :
Connor Brickley (SAN) for Holding Stick (Minor) at 3:31, Michael Pelech (MIL) for Fighting (Major) at 9:26, Tomas Kundratek (SAN) for Fighting (Major) at 9:26, Andrew Desjardins (MIL) for Fighting (Major) at 13:06, Joel Chouinard (SAN) for Fighting (Major) at 13:06, Brett Hextall (SAN) for Unsportsmanlike conduct (Minor) at 19:27

2nd period

1. Admirals NSH , Andrew Desjardins 5 (Brian Lashoff, Victor Bartley) at 0:37 (PP)

Penalties :
Brett Hextall (SAN) for Elbowing (Minor) at 4:44, Mike Blunden (MIL) for Charging (Minor) at 4:48, Andrew Desjardins (MIL) for Fighting (Major) at 11:05, Tomas Kundratek (SAN) for Fighting (Major) at 11:05, Mike Blunden (MIL) for Fighting (Major) at 14:43, Matt Dumba (SAN) for Fighting (Major) at 14:43

3rd period

2. Admirals NSH , Brian Lashoff 5 (Victor Bartley, Wade Megan) at 3:05 (PP)
3. Rampage , Michal Rozsival 1 (Liam O'Brien, Taylor Beck) at 14:51 (PP)

Penalties :
Max Friberg (SAN) for Goalie Interference (Minor) at 2:09, Victor Bartley (MIL) for Roughing (Minor) at 6:03, Matt Dumba (SAN) for Hooking (Minor) at 6:12, Brad Winchester (MIL) for Tripping (Minor) at 12:57

Goalie Stats

Pheonix Copley (SAN), 41 saves from 43 shots - (0.953), L, 16-2-0, 60:00 minutes
Chad Johnson (MIL), 28 saves from 29 shots - (0.966), W, 7-4-2, 60:00 minutes

Players Stats for Rampage

Player Name              G  A  P  +/- PIM S  H  SB GA TA FO     MP     PP MP  PK MP  
------------------------------------------------------------------------------------
Andrej Nestrasil         0  0  0   0  0   4  2  2  2  3  9/16   24:00   1:21   3:08 
Brett Hextall            0  0  0   0  4   0  4  0  0  0  0/1     9:05   0:03   0:00 
Bryan Rust               0  0  0   0  0   0  1  1  1  0  0/0     2:52   0:00   0:00 
Christian Thomas         0  0  0   0  0   1  3  0  2  1  0/1    17:38   1:11   0:00 
Colton Sceviour          0  0  0   0  0   2  0  2  0  1  4/11   20:30   1:11   3:31 
Connor Brickley          0  0  0   0  2   0  2  1  0  0  6/12   15:32   1:08   0:00 
Daniel Briere            0  0  0   0  0   3  4  0  1  1  0/1    13:12   0:56   0:40 
FARM PLAYER10            0  0  0   0  0   0  2  0  0  0  3/12   14:20   0:31   0:07 
Joel Chouinard           0  0  0   0  5   0  0  0  1  0  0/0    12:02   0:00   0:00 
Keaton Ellerby           0  0  0   0  0   0  0  0  0  0  0/0    17:19   0:00   0:00 
Liam O'Brien             0  1  1   0  0   3  1  0  1  0  0/0    10:22   0:56   0:00 
Matt Dumba               0  0  0   0  7   4  0  2  1  3  0/0    21:51   1:07   1:17 
Max Friberg              0  0  0   0  2   1  0  0  2  1  1/1    14:45   0:00   0:00 
Michal Rozsival          1  0  1   0  0   4  3  1  0  1  0/0    25:35   0:56   2:52 
Nate Prosser             0  0  0   0  0   3  0  1  0  1  0/0    23:35   0:03   3:01 
Tanner Richard           0  0  0   0  0   1  0  0  0  0  2/4    15:10   0:00   0:00 
Taylor Beck              0  1  1   0  0   2  5  1  2  0  0/1    17:37   1:08   1:10 
Tomas Kundratek          0  0  0   0  10  1  3  1  0  0  0/0    16:08   0:03   1:26 

Players Stats for Admirals NSH

Player Name              G  A  P  +/- PIM S  H  SB GA TA FO     MP     PP MP  PK MP  
------------------------------------------------------------------------------------
Andrew Desjardins        1  0  1   0  10  9  0  0  10 2  14/21  20:37   1:54   1:08 
Brad Winchester          0  0  0   0  2   0  0  0  0  0  4/5    17:30   2:03   0:09 
Brian Lashoff            1  1  2   0  0   10 0  4  1  0  0/0    17:22   1:44   0:53 
Brody Sutter             0  0  0   0  0   0  0  1  0  0  4/8     7:46   1:46   0:00 
Cameron Schilling        0  0  0   0  0   0  1  0  0  1  0/0     8:53   0:00   0:00 
Eric Faille              0  0  0   0  0   2  1  0  3  0  0/1    14:14   0:00   0:00 
Frazer McLaren           0  0  0   0  0   0  2  0  0  0  0/0    10:51   0:00   1:16 
Fredrik Claesson         0  0  0   0  0   2  1  2  1  1  0/0    16:18   0:00   0:00 
Jamie Wise               0  0  0   0  0   1  0  0  0  0  4/13   17:15   0:32   0:00 
Jyrki Jokipakka          0  0  0   0  0   4  0  0  0  0  0/0    18:41   2:34   1:14 
Michael Pelech           0  0  0   0  5   0  2  0  5  2  0/0    17:54   2:15   0:00 
Mike Blunden             0  0  0   0  7   4  3  1  1  0  2/2    19:17   1:53   0:00 
Nikita Nesterov          0  0  0   0  0   6  2  1  1  0  0/0    18:41   2:34   1:14 
Patrick Mullen           0  0  0   0  0   1  0  1  0  0  0/0    15:01   0:00   0:00 
Paul Bissonnette         0  0  0   0  0   0  1  0  0  0  0/1     9:01   0:00   0:00 
Pierre-Cedric Labrie     0  0  0   0  0   0  3  0  1  0  0/0    19:32   2:15   0:58 
Victor Bartley           0  2  2   0  2   4  3  6  1  1  0/0    25:16   1:53   0:53 
Wade Megan               0  1  1   0  0   0  2  0  0  1  7/9    19:37   0:06   0:43 

3 Stars

1 - Chad Johnson (MIL)
2 - Brian Lashoff (MIL)
3 - Pheonix Copley (SAN)

Power Play

Rampage - 1 on 3 Attempt(s) - 33.33%
Admirals NSH - 2 on 5 Attempt(s) - 40.00%

Penalty Kill

Rampage - 3 on 5 Attempt(s) - 60.00% - Score 0 goal in Penalty Kill
Admirals NSH - 2 on 3 Attempt(s) - 66.67% - Score 0 goal in Penalty Kill

Team Stat

Rampage - Hits : 30 - Faceoff Wins : 25 - Blocked Shots : 12 - Penalty Minutes : 30
Admirals NSH - Hits : 21 - Faceoff Wins : 35 - Blocked Shots : 16 - Penalty Minutes : 26

Official

Referees : Unknown
Linesman : Unknown

Game Notes

Michael Pelech and Tomas Kundratek fight to a draw at 9:26 of 1st period
Andrew Desjardins beats up Joel Chouinard at 13:06 of 1st period
Bryan Rust is injured at 14:35 of 1st period (Broken Bone (Left Ankle))
Brody Sutter is injured at 2:49 of 2nd period (Right Foot)
Andrew Desjardins and Tomas Kundratek fight to a draw at 11:05 of 2nd period
Paul Bissonnette is injured at 14:24 of 2nd period (Groin)
Mike Blunden and Matt Dumba fight to a draw at 14:43 of 2nd period

Finance

Level 1 -- Attendance: 1575 (78.75%) -- Ticket Income $55,125
Level 2 -- Attendance: 778 (77.80%) -- Ticket Income $11,670
Total Attendance: 2353 (78.43%)
Total Ticket Income: $66,795
Other Income: $32,730
Total Income: $99,525

Rampage

5 vs 5 Forward 
   Center                   Left Wing                Right Wing               Time % Phy DF OF 
 1 Andrej Nestrasil         Daniel Briere            Colton Sceviour          35     0   1  4  
 2 Connor Brickley          Taylor Beck              Christian Thomas         30     0   1  4  
 3 Tanner Richard           Bryan Rust               Max Friberg              22     1   3  1  
 4 FARM PLAYER10            Liam O'Brien             Brett Hextall            13     1   3  1  

5 vs 5 Defense 
   Defense                  Defense                                           Time % Phy DF OF 
 1 Matt Dumba               Nate Prosser                                      35     0   1  4  
 2 Keaton Ellerby           Michal Rozsival                                   30     0   1  4  
 3 Joel Chouinard           Tomas Kundratek                                   22     0   4  1  
 4 Matt Dumba               Nate Prosser                                      13     0   1  4  

PowerPlay Forward 
   Center                   Left Wing                Right Wing               Time % Phy DF OF 
 1 Andrej Nestrasil         Daniel Briere            Colton Sceviour          60     0   0  5  
 2 Connor Brickley          Taylor Beck              Bryan Rust               40     0   1  4  

PowerPlay Defense
   Defense                  Defense                                           Time % Phy DF OF 
 1 Christian Thomas         Matt Dumba                                        60     0   0  5  
 2 Liam O'Brien             Michal Rozsival                                   40     0   0  5  

Penalty Kill 4 Players Forward 
   Center                   Wing                     Time % Phy DF OF 
 1 Colton Sceviour          Andrej Nestrasil         60     1   4  0  
 2 Daniel Briere            Taylor Beck              40     1   4  0  

Penalty Kill 4 Players Defense
   Defense                  Defense                  Time % Phy DF OF 
 1 Michal Rozsival          Nate Prosser             60     1   4  0  
 2 Matt Dumba               Tomas Kundratek          40     1   4  0  

Penalty Kill - 3 Players Forward 
   Forward                                           Time % Phy DF OF 
 1 Colton Sceviour                                   60     1   4  0  
 2 Andrej Nestrasil                                  40     1   4  0  

Penalty Kill - 3 Players Defense
   Defense                  Defense                  Time % Phy DF OF 
 1 Michal Rozsival          Nate Prosser             60     1   4  0  
 2 Matt Dumba               Tomas Kundratek          40     1   4  0  

4 vs 4 Forward 
   Center                   Wing                     Time % Phy DF OF 
 1 Colton Sceviour          Andrej Nestrasil         60     0   1  4  
 2 Daniel Briere            Taylor Beck              40     0   1  4  

4 vs 4 Defense
   Defense                  Defense                  Time % Phy DF OF 
 1 Matt Dumba               Michal Rozsival          60     0   1  4  
 2 Nate Prosser             Tomas Kundratek          40     0   1  4  

Last Minutes Offensive
   Center                   Left Wing                Right Wing               Defense                  Defense                  
   Andrej Nestrasil         Daniel Briere            Colton Sceviour          Taylor Beck              Matt Dumba               

Last Minutes Defensive
   Center                   Left Wing                Right Wing               Defense                  Defense                  
   Andrej Nestrasil         Daniel Briere            Colton Sceviour          Michal Rozsival          Nate Prosser             

Goaltenders
Starting : Pheonix Copley           
Backup : Viktor Fasth             

Extra Forwards
Normal : Andrej Nestrasil, Colton Sceviour, Christian Thomas - PP : Andrej Nestrasil, Colton Sceviour - PK : Taylor Beck
Extra Defensemen
Normal : Matt Dumba, Michal Rozsival, Nate Prosser - PP : Matt Dumba - PK : Nate Prosser, Michal Rozsival
Penalty Shots
Colton Sceviour, Daniel Briere, Connor Brickley, Max Friberg, Tanner Richard

Admirals NSH

5 vs 5 Forward 
   Center                   Left Wing                Right Wing               Time % Phy DF OF 
 1 Andrew Desjardins        Mike Blunden             Brad Winchester          27     0   2  3  
 2 Brody Sutter             Pierre-Cedric Labrie     Michael Pelech           27     0   2  3  
 3 Wade Megan               Paul Bissonnette         Eric Faille              27     0   2  3  
 4 Andrew Desjardins        Frazer McLaren           Mike Blunden             19     0   2  3  

5 vs 5 Defense 
   Defense                  Defense                                           Time % Phy DF OF 
 1 Victor Bartley           Brian Lashoff                                     27     0   4  1  
 2 Jyrki Jokipakka          Nikita Nesterov                                   27     0   4  1  
 3 Fredrik Claesson         Patrick Mullen                                    27     0   4  1  
 4 Cameron Schilling        Victor Bartley                                    19     0   4  1  

PowerPlay Forward 
   Center                   Left Wing                Right Wing               Time % Phy DF OF 
 1 Andrew Desjardins        Mike Blunden             Brad Winchester          50     0   1  4  
 2 Brody Sutter             Pierre-Cedric Labrie     Michael Pelech           50     0   1  4  

PowerPlay Defense
   Defense                  Defense                                           Time % Phy DF OF 
 1 Victor Bartley           Brian Lashoff                                     50     0   2  3  
 2 Jyrki Jokipakka          Nikita Nesterov                                   50     0   2  3  

Penalty Kill 4 Players Forward 
   Center                   Wing                     Time % Phy DF OF 
 1 Andrew Desjardins        Mike Blunden             50     0   3  2  
 2 Brad Winchester          Brody Sutter             50     0   3  2  

Penalty Kill 4 Players Defense
   Defense                  Defense                  Time % Phy DF OF 
 1 Victor Bartley           Brian Lashoff            50     0   4  1  
 2 Jyrki Jokipakka          Nikita Nesterov          50     0   4  1  

Penalty Kill - 3 Players Forward 
   Forward                                           Time % Phy DF OF 
 1 Andrew Desjardins                                 50     0   5  0  
 2 Mike Blunden                                      50     0   5  0  

Penalty Kill - 3 Players Defense
   Defense                  Defense                  Time % Phy DF OF 
 1 Victor Bartley           Brian Lashoff            50     0   5  0  
 2 Jyrki Jokipakka          Nikita Nesterov          50     0   5  0  

4 vs 4 Forward 
   Center                   Wing                     Time % Phy DF OF 
 1 Andrew Desjardins        Mike Blunden             50     0   2  3  
 2 Brad Winchester          Brody Sutter             50     0   2  3  

4 vs 4 Defense
   Defense                  Defense                  Time % Phy DF OF 
 1 Victor Bartley           Brian Lashoff            50     0   4  1  
 2 Jyrki Jokipakka          Nikita Nesterov          50     0   4  1  

Last Minutes Offensive
   Center                   Left Wing                Right Wing               Defense                  Defense                  
   Andrew Desjardins        Mike Blunden             Brad Winchester          Victor Bartley           Brian Lashoff            

Last Minutes Defensive
   Center                   Left Wing                Right Wing               Defense                  Defense                  
   Andrew Desjardins        Mike Blunden             Brad Winchester          Victor Bartley           Brian Lashoff            

Goaltenders
Starting : Chad Johnson             
Backup : Johan Gustafsson         

Extra Forwards
Normal : Jamie Wise, Wade Megan, Paul Bissonnette - PP : Jamie Wise, Wade Megan - PK : Paul Bissonnette
Extra Defensemen
Normal : Fredrik Claesson, Patrick Mullen, Cameron Schilling - PP : Fredrik Claesson - PK : Patrick Mullen, Cameron Schilling
Penalty Shots
Andrew Desjardins, Mike Blunden, Brad Winchester, Brody Sutter, Pierre-Cedric Labrie

% Time on Ice - Rampage

Lines # - Real PCT - Wanted PCT - Time Play
Normal Forward
1 - 23% - 35% - 11:17
2 - 29% - 30% - 14:26
3 - 30% - 22% - 14:48
4 - 18% - 13% - 9:04
Normal Defense
1 - 31% - 35% - 15:13
2 - 36% - 30% - 17:46
3 - 28% - 22% - 13:54
4 - 5% - 13% - 2:42
PP Forward
1 - 46% - 60% - 0:59
2 - 54% - 40% - 1:08
PP Defense
1 - 54% - 60% - 1:08
2 - 46% - 40% - 0:59
PK Forward
1 - 84% - 60% - 3:38
2 - 16% - 40% - 0:40
PK Defense
1 - 67% - 60% - 2:52
2 - 33% - 40% - 1:26
PK3 Forward
1 - 0% - 60%
2 - 0% - 40%
PK3 Defense
1 - 0% - 60%
2 - 0% - 40%
44 Forward
1 - 96% - 60% - 3:35
2 - 4% - 40% - 0:10
44 Defense
1 - 78% - 60% - 2:56
2 - 22% - 40% - 0:49
Last Minute Offensive  - 0:15
Last Minute Defensive  - 0:00
Total
Forward - 60:00
Defense - 60:00

% Time on Ice - Admirals NSH

Lines # - Real PCT - Wanted PCT - Time Play
Normal Forward
1 - 22% - 27% - 10:37
2 - 35% - 27% - 17:08
3 - 29% - 27% - 14:15
4 - 14% - 19% - 6:57
Normal Defense
1 - 25% - 27% - 12:25
2 - 27% - 27% - 13:26
3 - 31% - 27% - 15:03
4 - 16% - 19% - 8:03
PP Forward
1 - 44% - 50% - 1:54
2 - 56% - 50% - 2:24
PP Defense
1 - 40% - 50% - 1:44
2 - 60% - 50% - 2:34
PK Forward
1 - 3% - 50% - 0:04
2 - 97% - 50% - 2:03
PK Defense
1 - 42% - 50% - 0:53
2 - 58% - 50% - 1:14
PK3 Forward
1 - 0% - 50%
2 - 0% - 50%
PK3 Defense
1 - 0% - 50%
2 - 0% - 50%
44 Forward
1 - 56% - 50% - 2:06
2 - 44% - 50% - 1:39
44 Defense
1 - 61% - 50% - 2:18
2 - 39% - 50% - 1:27
Last Minute Offensive  - 0:00
Last Minute Defensive  - 0:53
Total
Forward - 60:00
Defense - 60:00

Play by Play

1st period


0:01 of 1st period - Andrew Desjardins wins face-off versus Andrej Nestrasil in neutral zone.
0:04 of 1st period - Slapshot by Victor Bartley.
0:04 of 1st period - Stopped by Pheonix Copley with a rebound.
0:06 of 1st period - Slapshot by Andrew Desjardins.
0:06 of 1st period - Shot Misses the Net.
0:08 of 1st period - Slapshot by Brian Lashoff.
0:08 of 1st period - Deflect By Matt Dumba.
0:08 of 1st period - Stopped by Pheonix Copley with a rebound.
0:10 of 1st period - Wrist shot by Mike Blunden.
0:10 of 1st period - Shot Misses the Net.
0:12 of 1st period - Wrist shot by Brad Winchester.
0:12 of 1st period - Shot Misses the Net.
0:14 of 1st period - Slapshot by Brian Lashoff.
0:14 of 1st period - Deflect By Nate Prosser.
0:14 of 1st period - Stopped by Pheonix Copley with a rebound.
0:20 of 1st period - Snap shot by Mike Blunden.
0:20 of 1st period - Shot Blocked by Nate Prosser.
0:22 of 1st period - Snap shot by Andrew Desjardins.
0:22 of 1st period - Shot Misses the Net.
1:10 of 1st period - Wrist shot by Taylor Beck.
1:10 of 1st period - Stopped by Chad Johnson with a rebound.
1:46 of 1st period - Michal Rozsival is hit by Paul Bissonnette and loses puck.
1:53 of 1st period - Snap shot by Eric Faille.
1:53 of 1st period - Shot Blocked by Bryan Rust.
2:01 of 1st period - Snap shot by Wade Megan.
2:01 of 1st period - Shot Misses the Net.
2:03 of 1st period - Slapshot by Patrick Mullen.
2:03 of 1st period - Shot Misses the Net.
2:05 of 1st period - Slapshot by Patrick Mullen.
2:05 of 1st period - Shot Misses the Net.
2:17 of 1st period - Patrick Mullen is hit by Bryan Rust.
2:33 of 1st period - Andrew Desjardins is hit by Michal Rozsival and loses puck.
2:52 of 1st period - Snap shot by Mike Blunden.
2:52 of 1st period - Deflect By Tomas Kundratek.
2:52 of 1st period - Stopped by Pheonix Copley with a rebound.
3:07 of 1st period - Wrist shot by Andrew Desjardins.
3:07 of 1st period - Shot Misses the Net.
3:31 of 1st period - Minor Penalty to Connor Brickley for Holding Stick.
3:32 of 1st period - Colton Sceviour wins face-off versus Brody Sutter in Rampage zone.
3:59 of 1st period - Nikita Nesterov is hit by Michal Rozsival and loses puck.
4:25 of 1st period - Slapshot by Brian Lashoff.
4:25 of 1st period - Shot Blocked by Taylor Beck.
4:35 of 1st period - Slapshot by Victor Bartley.
4:35 of 1st period - Shot Misses the Net.
4:45 of 1st period - Michal Rozsival is hit by Pierre-Cedric Labrie and loses puck.
5:31 of 1st period - Penalty to Connor Brickley is over, Connor Brickley is back on ice.
5:45 of 1st period - Taylor Beck is hit by Wade Megan and loses puck.
6:02 of 1st period - Tanner Richard is hit by Eric Faille and loses puck.
6:20 of 1st period - Fredrik Claesson is hit by Tomas Kundratek and loses puck.
6:27 of 1st period - Slapshot by Patrick Mullen.
6:27 of 1st period - Stopped by Pheonix Copley without a rebound.
6:28 of 1st period - FARM PLAYER10 wins face-off versus Andrew Desjardins in Rampage zone.
6:28 of 1st period - FARM PLAYER10 is hit by Frazer McLaren.
6:47 of 1st period - Slapshot by Matt Dumba.
6:47 of 1st period - Shot Blocked by Fredrik Claesson.
7:03 of 1st period - Patrick Mullen is hit by FARM PLAYER10 and loses puck.
7:39 of 1st period - Brad Winchester is hit by Christian Thomas and loses puck.
7:46 of 1st period - Slapshot by Victor Bartley.
7:46 of 1st period - Deflect By Nate Prosser.
7:46 of 1st period - Stopped by Pheonix Copley with a rebound.
7:48 of 1st period - Slapshot by Victor Bartley.
7:48 of 1st period - Stopped by Pheonix Copley without a rebound.
7:49 of 1st period - Andrew Desjardins wins face-off versus Tanner Richard in Rampage zone.
8:20 of 1st period - Joel Chouinard is hit by Victor Bartley and loses puck.
8:43 of 1st period - Snap shot by Andrej Nestrasil.
8:43 of 1st period - Stopped by Chad Johnson with a rebound.
8:51 of 1st period - Slapshot by Nikita Nesterov.
8:51 of 1st period - Stopped by Pheonix Copley without a rebound.
8:52 of 1st period - Brody Sutter wins face-off versus FARM PLAYER10 in Rampage zone.
9:03 of 1st period - Wrist shot by Andrew Desjardins.
9:03 of 1st period - Shot Misses the Net.
9:05 of 1st period - Wrist shot by Jyrki Jokipakka.
9:05 of 1st period - Stopped by Pheonix Copley without a rebound.
9:06 of 1st period - Brad Winchester wins face-off versus FARM PLAYER10 in Rampage zone.
9:07 of 1st period - Snap shot by Andrew Desjardins.
9:07 of 1st period - Stopped by Pheonix Copley with a rebound.
9:26 of 1st period - Michael Pelech and Tomas Kundratek fight to a draw.
9:26 of 1st period - Penalty to Michael Pelech for Fighting.
9:26 of 1st period - Penalty to Tomas Kundratek for Fighting.
9:27 of 1st period - Wade Megan wins face-off versus Andrej Nestrasil in Rampage zone.
10:18 of 1st period - Wrist shot by Brian Lashoff.
10:18 of 1st period - Stopped by Pheonix Copley without a rebound.
10:19 of 1st period - Brody Sutter wins face-off versus Taylor Beck in Rampage zone.
10:26 of 1st period - Slapshot by Matt Dumba.
10:26 of 1st period - Stopped by Chad Johnson without a rebound.
10:27 of 1st period - Andrew Desjardins wins face-off versus Connor Brickley in Admirals NSH zone.
10:32 of 1st period - Nate Prosser is hit by Mike Blunden and loses puck.
10:42 of 1st period - Snap shot by Andrew Desjardins.
10:42 of 1st period - Shot Misses the Net.
11:12 of 1st period - Slapshot by Brian Lashoff.
11:12 of 1st period - Stopped by Pheonix Copley with a rebound.
11:40 of 1st period - Slapshot by Michal Rozsival.
11:40 of 1st period - Shot Misses the Net.
11:42 of 1st period - Snap shot by Max Friberg.
11:42 of 1st period - Stopped by Chad Johnson with a rebound.
11:54 of 1st period - Snap shot by Bryan Rust.
11:54 of 1st period - Shot Misses the Net.
11:56 of 1st period - Snap shot by Michal Rozsival.
11:56 of 1st period - Stopped by Chad Johnson with a rebound.
11:58 of 1st period - Slapshot by Michal Rozsival.
11:58 of 1st period - Stopped by Chad Johnson with a rebound.
12:00 of 1st period - Slapshot by Michal Rozsival.
12:00 of 1st period - Shot Blocked by Brody Sutter.
12:02 of 1st period - Slapshot by Bryan Rust.
12:02 of 1st period - Shot Blocked by Patrick Mullen.
12:31 of 1st period - Slapshot by Nikita Nesterov.
12:31 of 1st period - Deflect By Colton Sceviour.
12:31 of 1st period - Stopped by Pheonix Copley with a rebound.
12:33 of 1st period - Snap shot by Paul Bissonnette.
12:33 of 1st period - Shot Misses the Net.
12:39 of 1st period - Snap shot by Eric Faille.
12:39 of 1st period - Shot Misses the Net.
12:41 of 1st period - Slapshot by Nikita Nesterov.
12:41 of 1st period - Stopped by Pheonix Copley with a rebound.
12:43 of 1st period - Snap shot by Eric Faille.
12:43 of 1st period - Deflect By Wade Megan.
12:43 of 1st period - Shot Misses the Net.
12:43 of 1st period - Puck is out of play.
12:44 of 1st period - Mike Blunden wins face-off versus FARM PLAYER10 in Rampage zone.
13:06 of 1st period - Andrew Desjardins beats up Joel Chouinard.
13:06 of 1st period - Penalty to Andrew Desjardins for Fighting.
13:06 of 1st period - Penalty to Joel Chouinard for Fighting.
13:07 of 1st period - Andrej Nestrasil wins face-off versus Jamie Wise in Rampage zone.
13:40 of 1st period - Wrist shot by Daniel Briere.
13:40 of 1st period - Stopped by Chad Johnson with a rebound.
13:42 of 1st period - Slapshot by Nate Prosser.
13:42 of 1st period - Stopped by Chad Johnson without a rebound.
13:43 of 1st period - Wade Megan wins face-off versus Connor Brickley in Admirals NSH zone.
14:34 of 1st period - Bryan Rust is hit by Fredrik Claesson and loses puck.
14:35 of 1st period - Bryan Rust from Rampage is injured at 14:35 of 1st period (Broken Bone (Left Ankle)).
14:36 of 1st period - Andrej Nestrasil wins face-off versus Jamie Wise in Rampage zone.
14:55 of 1st period - Backhand shot by Matt Dumba.
14:55 of 1st period - Deflect By Victor Bartley.
14:55 of 1st period - Stopped by Chad Johnson with a rebound.
15:01 of 1st period - Slapshot by Brian Lashoff.
15:01 of 1st period - Shot Blocked by Colton Sceviour.
15:23 of 1st period - Slapshot by Brian Lashoff.
15:23 of 1st period - Stopped by Pheonix Copley without a rebound.
15:24 of 1st period - Connor Brickley wins face-off versus Brody Sutter in Rampage zone.
16:53 of 1st period - Cameron Schilling is hit by Brett Hextall.
17:11 of 1st period - Snap shot by Mike Blunden.
17:11 of 1st period - Shot Misses the Net.
17:17 of 1st period - Victor Bartley is hit by Brett Hextall and loses puck.
17:32 of 1st period - Icing by Colton Sceviour.
17:33 of 1st period - Max Friberg wins face-off versus Brody Sutter in Rampage zone.
18:03 of 1st period - Fredrik Claesson is hit by Connor Brickley and loses puck.
18:08 of 1st period - Snap shot by Taylor Beck.
18:08 of 1st period - Shot Misses the Net.
18:53 of 1st period - Wrist shot by Colton Sceviour.
18:53 of 1st period - Stopped by Chad Johnson without a rebound.
18:54 of 1st period - Andrej Nestrasil wins face-off versus Andrew Desjardins in Admirals NSH zone.
18:55 of 1st period - Snap shot by Daniel Briere.
18:55 of 1st period - Stopped by Chad Johnson with a rebound.
18:57 of 1st period - Slapshot by Nate Prosser.
18:57 of 1st period - Shot Blocked by Victor Bartley.
18:59 of 1st period - Snap shot by Daniel Briere.
18:59 of 1st period - Stopped by Chad Johnson with a rebound.
19:01 of 1st period - Slapshot by Keaton Ellerby.
19:01 of 1st period - Shot Misses the Net.
19:03 of 1st period - Slapshot by Michal Rozsival.
19:03 of 1st period - Shot Blocked by Victor Bartley.
19:12 of 1st period - Snap shot by Colton Sceviour.
19:12 of 1st period - Stopped by Chad Johnson with a rebound.
19:27 of 1st period - Minor Penalty to Brett Hextall for Unsportsmanlike conduct.
19:28 of 1st period - Brody Sutter wins face-off versus Colton Sceviour in Rampage zone.
19:50 of 1st period - Michal Rozsival is hit by Nikita Nesterov and loses puck.
Goals for this period are 0 for Rampage vs 0 for Admirals NSH.
Shots for this period are 13 for Rampage vs 15 for Admirals NSH.

2nd period


0:01 of 2nd period - Andrew Desjardins wins face-off versus Colton Sceviour in neutral zone.
0:37 of 2nd period - Snap shot by Andrew Desjardins.
0:37 of 2nd period - Goal by Andrew Desjardins - Rampage : 0 - Admirals NSH : 1.
0:38 of 2nd period - Connor Brickley wins face-off versus Brody Sutter in neutral zone.
0:41 of 2nd period - Nikita Nesterov is hit by Taylor Beck and loses puck.
1:51 of 2nd period - Slapshot by Victor Bartley.
1:51 of 2nd period - Shot Misses the Net.
2:01 of 2nd period - Slapshot by Brian Lashoff.
2:01 of 2nd period - Stopped by Pheonix Copley with a rebound.
2:14 of 2nd period - Icing by Brad Winchester.
2:15 of 2nd period - Andrew Desjardins wins face-off versus FARM PLAYER10 in Admirals NSH zone.
2:15 of 2nd period - Andrew Desjardins is hit by Liam O'Brien.
2:21 of 2nd period - Snap shot by Liam O'Brien.
2:21 of 2nd period - Shot Blocked by Brian Lashoff.
2:23 of 2nd period - Slapshot by Liam O'Brien.
2:23 of 2nd period - Shot Blocked by Brian Lashoff.
2:43 of 2nd period - Slapshot by Michal Rozsival.
2:43 of 2nd period - Shot Blocked by Victor Bartley.
2:45 of 2nd period - Slapshot by Michal Rozsival.
2:45 of 2nd period - Shot Blocked by Brian Lashoff.
2:47 of 2nd period - Slapshot by Liam O'Brien.
2:47 of 2nd period - Stopped by Chad Johnson without a rebound.
2:48 of 2nd period - Brody Sutter wins face-off versus Connor Brickley in Admirals NSH zone.
2:48 of 2nd period - Brody Sutter is hit by Christian Thomas.
2:49 of 2nd period - Brody Sutter from Admirals NSH is injured at 2:49 of 2nd period (Right Foot).
2:50 of 2nd period - Mike Blunden wins face-off versus Andrej Nestrasil in Admirals NSH zone.
3:09 of 2nd period - Andrew Desjardins is hit by Daniel Briere and loses puck.
3:17 of 2nd period - Off-side.
3:18 of 2nd period - Jamie Wise wins face-off versus Connor Brickley in neutral zone.
3:47 of 2nd period - Snap shot by Taylor Beck.
3:47 of 2nd period - Shot Misses the Net.
3:49 of 2nd period - Slapshot by Joel Chouinard.
3:49 of 2nd period - Shot Misses the Net.
4:08 of 2nd period - Patrick Mullen is hit by Andrej Nestrasil and loses puck.
4:25 of 2nd period - Slapshot by Victor Bartley.
4:25 of 2nd period - Shot Blocked by Matt Dumba.
4:27 of 2nd period - Slapshot by Andrew Desjardins.
4:27 of 2nd period - Stopped by Pheonix Copley without a rebound.
4:28 of 2nd period - Andrew Desjardins wins face-off versus FARM PLAYER10 in Rampage zone.
4:29 of 2nd period - Slapshot by Victor Bartley.
4:29 of 2nd period - Deflect By Mike Blunden.
4:29 of 2nd period - Stopped by Pheonix Copley without a rebound.
4:30 of 2nd period - Andrew Desjardins wins face-off versus FARM PLAYER10 in Rampage zone.
4:44 of 2nd period - Minor Penalty to Brett Hextall for Elbowing.
4:45 of 2nd period - Andrew Desjardins wins face-off versus Colton Sceviour in Rampage zone.
4:48 of 2nd period - Minor Penalty to Mike Blunden for Charging.
4:49 of 2nd period - Andrew Desjardins wins face-off versus Colton Sceviour in Admirals NSH zone.
5:03 of 2nd period - Wrist shot by Andrej Nestrasil.
5:03 of 2nd period - Stopped by Chad Johnson without a rebound.
5:04 of 2nd period - Colton Sceviour wins face-off versus Andrew Desjardins in Admirals NSH zone.
5:52 of 2nd period - Slapshot by Nikita Nesterov.
5:52 of 2nd period - Deflect By Colton Sceviour.
5:52 of 2nd period - Stopped by Pheonix Copley with a rebound.
5:54 of 2nd period - Slapshot by Nikita Nesterov.
5:54 of 2nd period - Stopped by Pheonix Copley with a rebound.
5:56 of 2nd period - Snap shot by Brad Winchester.
5:56 of 2nd period - Shot Blocked by Andrej Nestrasil.
5:58 of 2nd period - Slapshot by Jyrki Jokipakka.
5:58 of 2nd period - Shot Blocked by Colton Sceviour.
6:00 of 2nd period - Slapshot by Brad Winchester.
6:00 of 2nd period - Shot Misses the Net.
6:02 of 2nd period - Slapshot by Jyrki Jokipakka.
6:02 of 2nd period - Stopped by Pheonix Copley with a rebound.
6:04 of 2nd period - Wrist shot by Jyrki Jokipakka.
6:04 of 2nd period - Stopped by Pheonix Copley without a rebound.
6:05 of 2nd period - Colton Sceviour wins face-off versus Brad Winchester in Rampage zone.
6:44 of 2nd period - Penalty to Brett Hextall is over, Brett Hextall is back on ice.
6:44 of 2nd period - Snap shot by Nikita Nesterov.
6:44 of 2nd period - Shot Misses the Net.
6:46 of 2nd period - Snap shot by Andrew Desjardins.
6:46 of 2nd period - Stopped by Pheonix Copley without a rebound.
6:47 of 2nd period - Andrew Desjardins wins face-off versus Connor Brickley in Rampage zone.
6:48 of 2nd period - Penalty to Mike Blunden is over, Mike Blunden is back on ice.
7:11 of 2nd period - Snap shot by Andrew Desjardins.
7:11 of 2nd period - Shot Misses the Net.
7:13 of 2nd period - Wrist shot by Victor Bartley.
7:13 of 2nd period - Shot Misses the Net.
7:15 of 2nd period - Slapshot by Victor Bartley.
7:15 of 2nd period - Deflect By Andrew Desjardins.
7:15 of 2nd period - Stopped by Pheonix Copley with a rebound.
7:22 of 2nd period - Icing by Christian Thomas.
7:23 of 2nd period - FARM PLAYER10 wins face-off versus Paul Bissonnette in Rampage zone.
8:44 of 2nd period - Keaton Ellerby is hit by Wade Megan and loses puck.
9:05 of 2nd period - Snap shot by Victor Bartley.
9:05 of 2nd period - Shot Blocked by Michal Rozsival.
9:07 of 2nd period - Snap shot by Jamie Wise.
9:07 of 2nd period - Stopped by Pheonix Copley without a rebound.
9:08 of 2nd period - Jamie Wise wins face-off versus Christian Thomas in Rampage zone.
9:15 of 2nd period - Nikita Nesterov is hit by Taylor Beck and loses puck.
9:24 of 2nd period - Snap shot by Matt Dumba.
9:24 of 2nd period - Shot Misses the Net.
9:26 of 2nd period - Slapshot by Nate Prosser.
9:26 of 2nd period - Shot Misses the Net.
9:28 of 2nd period - Slapshot by Nate Prosser.
9:28 of 2nd period - Stopped by Chad Johnson with a rebound.
9:30 of 2nd period - Snap shot by Christian Thomas.
9:30 of 2nd period - Shot Misses the Net.
9:32 of 2nd period - Slapshot by Nate Prosser.
9:32 of 2nd period - Stopped by Chad Johnson with a rebound.
9:48 of 2nd period - Mike Blunden is hit by Daniel Briere and loses puck.
10:21 of 2nd period - Victor Bartley is hit by Brett Hextall and loses puck.
10:38 of 2nd period - Snap shot by Liam O'Brien.
10:38 of 2nd period - Stopped by Chad Johnson with a rebound.
10:57 of 2nd period - Colton Sceviour is hit by Mike Blunden and loses puck.
11:05 of 2nd period - Andrew Desjardins and Tomas Kundratek fight to a draw.
11:05 of 2nd period - Penalty to Andrew Desjardins for Fighting.
11:05 of 2nd period - Penalty to Tomas Kundratek for Fighting.
11:06 of 2nd period - Connor Brickley wins face-off versus Jamie Wise in Rampage zone.
11:13 of 2nd period - Pierre-Cedric Labrie is hit by Taylor Beck and loses puck.
11:53 of 2nd period - Off-side.
11:54 of 2nd period - Tanner Richard wins face-off versus Wade Megan in neutral zone.
12:12 of 2nd period - Off-side.
12:13 of 2nd period - FARM PLAYER10 wins face-off versus Jamie Wise in neutral zone.
12:16 of 2nd period - Slapshot by Matt Dumba.
12:16 of 2nd period - Shot Misses the Net.
12:18 of 2nd period - Slapshot by Matt Dumba.
12:18 of 2nd period - Shot Blocked by Victor Bartley.
12:36 of 2nd period - Backhand shot by Matt Dumba.
12:36 of 2nd period - Stopped by Chad Johnson without a rebound.
12:37 of 2nd period - Wade Megan wins face-off versus Andrej Nestrasil in Admirals NSH zone.
12:37 of 2nd period - Wade Megan is hit by Michal Rozsival.
12:55 of 2nd period - Wrist shot by Andrej Nestrasil.
12:55 of 2nd period - Stopped by Chad Johnson without a rebound.
12:56 of 2nd period - Andrej Nestrasil wins face-off versus Wade Megan in Admirals NSH zone.
13:50 of 2nd period - Brian Lashoff is hit by Taylor Beck and loses puck.
13:55 of 2nd period - Wrist shot by Matt Dumba.
13:55 of 2nd period - Stopped by Chad Johnson without a rebound.
13:56 of 2nd period - Wade Megan wins face-off versus Tanner Richard in Admirals NSH zone.
14:23 of 2nd period - Paul Bissonnette is hit by Andrej Nestrasil and loses puck.
14:24 of 2nd period - Paul Bissonnette from Admirals NSH is injured at 14:24 of 2nd period (Groin).
14:25 of 2nd period - Andrej Nestrasil wins face-off versus Jamie Wise in Admirals NSH zone.
14:43 of 2nd period - Mike Blunden and Matt Dumba fight to a draw.
14:43 of 2nd period - Penalty to Mike Blunden for Fighting.
14:43 of 2nd period - Penalty to Matt Dumba for Fighting.
14:44 of 2nd period - Andrej Nestrasil wins face-off versus Jamie Wise in Rampage zone.
14:44 of 2nd period - Andrej Nestrasil is hit by Nikita Nesterov.
14:54 of 2nd period - Jamie Wise is hit by Daniel Briere and loses puck.
15:00 of 2nd period - Off-side.
15:01 of 2nd period - Brad Winchester wins face-off versus Daniel Briere in neutral zone.
15:07 of 2nd period - Off-side.
15:08 of 2nd period - Connor Brickley wins face-off versus Jamie Wise in neutral zone.
16:48 of 2nd period - Wrist shot by Max Friberg.
16:48 of 2nd period - Shot Misses the Net.
16:56 of 2nd period - Wrist shot by Andrew Desjardins.
16:56 of 2nd period - Stopped by Pheonix Copley with a rebound.
16:58 of 2nd period - Snap shot by Pierre-Cedric Labrie.
16:58 of 2nd period - Shot Misses the Net.
17:14 of 2nd period - Slapshot by Nikita Nesterov.
17:14 of 2nd period - Deflect By Andrew Desjardins.
17:14 of 2nd period - Stopped by Pheonix Copley with a rebound.
19:29 of 2nd period - Slapshot by Nikita Nesterov.
19:29 of 2nd period - Stopped by Pheonix Copley with a rebound.
19:50 of 2nd period - Slapshot by Nikita Nesterov.
19:50 of 2nd period - Shot Blocked by Tomas Kundratek.
Goals for this period are 0 for Rampage vs 1 for Admirals NSH.
Shots for this period are 8 for Rampage vs 14 for Admirals NSH.

3rd period


0:01 of 3rd period - Andrej Nestrasil wins face-off versus Andrew Desjardins in neutral zone.
0:04 of 3rd period - Slapshot by Matt Dumba.
0:04 of 3rd period - Shot Misses the Net.
0:14 of 3rd period - Off-side.
0:15 of 3rd period - Andrej Nestrasil wins face-off versus Andrew Desjardins in neutral zone.
0:34 of 3rd period - Slapshot by Mike Blunden.
0:34 of 3rd period - Shot Misses the Net.
0:36 of 3rd period - Slapshot by Brian Lashoff.
0:36 of 3rd period - Stopped by Pheonix Copley with a rebound.
0:38 of 3rd period - Slapshot by Brian Lashoff.
0:38 of 3rd period - Stopped by Pheonix Copley with a rebound.
0:40 of 3rd period - Wrist shot by Andrew Desjardins.
0:40 of 3rd period - Deflect By Mike Blunden.
0:40 of 3rd period - Stopped by Pheonix Copley with a rebound.
0:42 of 3rd period - Snap shot by Andrew Desjardins.
0:42 of 3rd period - Shot Misses the Net.
0:44 of 3rd period - Slapshot by Andrew Desjardins.
0:44 of 3rd period - Stopped by Pheonix Copley with a rebound.
1:02 of 3rd period - Victor Bartley is hit by Taylor Beck and loses puck.
1:25 of 3rd period - Wrist shot by Taylor Beck.
1:25 of 3rd period - Stopped by Chad Johnson with a rebound.
1:31 of 3rd period - Wrist shot by Christian Thomas.
1:31 of 3rd period - Shot Blocked by Victor Bartley.
1:33 of 3rd period - Slapshot by Christian Thomas.
1:33 of 3rd period - Shot Misses the Net.
2:09 of 3rd period - Minor Penalty to Max Friberg for Goalie Interference.
2:10 of 3rd period - Jamie Wise wins face-off versus Colton Sceviour in Rampage zone.
2:10 of 3rd period - Slapshot by Nikita Nesterov.
2:10 of 3rd period - Shot Blocked by Andrej Nestrasil.
2:20 of 3rd period - Tomas Kundratek is hit by Pierre-Cedric Labrie and loses puck.
2:45 of 3rd period - Wrist shot by Andrew Desjardins.
2:45 of 3rd period - Shot Misses the Net.
2:47 of 3rd period - Slapshot by Jyrki Jokipakka.
2:47 of 3rd period - Stopped by Pheonix Copley with a rebound.
2:49 of 3rd period - Slapshot by Jyrki Jokipakka.
2:49 of 3rd period - Shot Hit the Post.
2:51 of 3rd period - Snap shot by Nikita Nesterov.
2:51 of 3rd period - Shot Misses the Net.
2:57 of 3rd period - Wrist shot by Mike Blunden.
2:57 of 3rd period - Shot Misses the Net.
2:59 of 3rd period - Snap shot by Andrew Desjardins.
2:59 of 3rd period - Stopped by Pheonix Copley without a rebound.
3:00 of 3rd period - Wade Megan wins face-off versus Colton Sceviour in Rampage zone.
3:03 of 3rd period - Slapshot by Victor Bartley.
3:03 of 3rd period - Stopped by Pheonix Copley with a rebound.
3:05 of 3rd period - Slapshot by Brian Lashoff.
3:05 of 3rd period - Goal by Brian Lashoff - Rampage : 0 - Admirals NSH : 2.
3:06 of 3rd period - Wade Megan wins face-off versus Connor Brickley in neutral zone.
3:11 of 3rd period - Snap shot by Eric Faille.
3:11 of 3rd period - Stopped by Pheonix Copley with a rebound.
3:13 of 3rd period - Wrist shot by Wade Megan.
3:13 of 3rd period - Shot Blocked by Connor Brickley.
3:15 of 3rd period - Slapshot by Fredrik Claesson.
3:15 of 3rd period - Stopped by Pheonix Copley with a rebound.
3:23 of 3rd period - Slapshot by Patrick Mullen.
3:23 of 3rd period - Shot Blocked by Matt Dumba.
4:42 of 3rd period - Slapshot by Joel Chouinard.
4:42 of 3rd period - Deflect By Liam O'Brien.
4:42 of 3rd period - Shot Hit the Post.
4:42 of 3rd period - Puck is out of play.
4:43 of 3rd period - Andrew Desjardins wins face-off versus FARM PLAYER10 in Admirals NSH zone.
4:52 of 3rd period - Off-side.
4:53 of 3rd period - Andrew Desjardins wins face-off versus FARM PLAYER10 in neutral zone.
5:11 of 3rd period - Off-side.
5:12 of 3rd period - Jamie Wise wins face-off versus Brett Hextall in neutral zone.
5:23 of 3rd period - Jamie Wise is hit by FARM PLAYER10 and loses puck.
5:30 of 3rd period - Wrist shot by Liam O'Brien.
5:30 of 3rd period - Shot Misses the Net.
5:32 of 3rd period - Wrist shot by Brett Hextall.
5:32 of 3rd period - Deflect By Fredrik Claesson.
5:32 of 3rd period - Shot Misses the Net.
5:32 of 3rd period - Puck is out of play.
5:33 of 3rd period - Connor Brickley wins face-off versus Eric Faille in Admirals NSH zone.
6:03 of 3rd period - Minor Penalty to Victor Bartley for Roughing.
6:04 of 3rd period - Brad Winchester wins face-off versus Andrej Nestrasil in Admirals NSH zone.
6:07 of 3rd period - Off-side.
6:08 of 3rd period - Brad Winchester wins face-off versus Andrej Nestrasil in neutral zone.
6:12 of 3rd period - Minor Penalty to Matt Dumba for Hooking.
6:13 of 3rd period - Andrew Desjardins wins face-off versus Colton Sceviour in Rampage zone.
6:43 of 3rd period - Icing by Nate Prosser.
6:44 of 3rd period - Colton Sceviour wins face-off versus Jamie Wise in Rampage zone.
7:11 of 3rd period - Slapshot by Fredrik Claesson.
7:11 of 3rd period - Stopped by Pheonix Copley with a rebound.
7:45 of 3rd period - Snap shot by Andrej Nestrasil.
7:45 of 3rd period - Shot Misses the Net.
7:47 of 3rd period - Slapshot by Michal Rozsival.
7:47 of 3rd period - Shot Misses the Net.
7:49 of 3rd period - Wrist shot by Andrej Nestrasil.
7:49 of 3rd period - Shot Blocked by Mike Blunden.
8:03 of 3rd period - Penalty to Victor Bartley is over, Victor Bartley is back on ice.
8:12 of 3rd period - Penalty to Matt Dumba is over, Matt Dumba is back on ice.
8:13 of 3rd period - Nate Prosser is hit by Victor Bartley and loses puck.
8:47 of 3rd period - Pierre-Cedric Labrie is hit by Tomas Kundratek and loses puck.
9:02 of 3rd period - Wrist shot by Tanner Richard.
9:02 of 3rd period - Stopped by Chad Johnson with a rebound.
9:04 of 3rd period - Slapshot by Joel Chouinard.
9:04 of 3rd period - Shot Misses the Net.
9:06 of 3rd period - Slapshot by Tomas Kundratek.
9:06 of 3rd period - Stopped by Chad Johnson with a rebound.
9:08 of 3rd period - Slapshot by Tomas Kundratek.
9:08 of 3rd period - Shot Misses the Net.
9:14 of 3rd period - Slapshot by Max Friberg.
9:14 of 3rd period - Shot Misses the Net.
9:16 of 3rd period - Slapshot by Michal Rozsival.
9:16 of 3rd period - Stopped by Chad Johnson with a rebound.
9:42 of 3rd period - Wrist shot by Liam O'Brien.
9:42 of 3rd period - Stopped by Chad Johnson without a rebound.
9:43 of 3rd period - Connor Brickley wins face-off versus Andrew Desjardins in Admirals NSH zone.
9:44 of 3rd period - Backhand shot by Christian Thomas.
9:44 of 3rd period - Stopped by Chad Johnson with a rebound.
10:00 of 3rd period - Victor Bartley is hit by Connor Brickley and loses puck.
10:23 of 3rd period - Slapshot by Michal Rozsival.
10:23 of 3rd period - Shot Misses the Net.
10:42 of 3rd period - Off-side.
10:43 of 3rd period - Andrej Nestrasil wins face-off versus Andrew Desjardins in neutral zone.
10:54 of 3rd period - Slapshot by Matt Dumba.
10:54 of 3rd period - Shot Blocked by Brian Lashoff.
11:41 of 3rd period - Snap shot by Max Friberg.
11:41 of 3rd period - Shot Misses the Net.
11:47 of 3rd period - Tanner Richard is hit by Victor Bartley and loses puck.
12:24 of 3rd period - Tomas Kundratek is hit by Pierre-Cedric Labrie.
12:28 of 3rd period - Patrick Mullen is hit by Tomas Kundratek and loses puck.
12:57 of 3rd period - Minor Penalty to Brad Winchester for Tripping.
12:58 of 3rd period - Andrew Desjardins wins face-off versus Andrej Nestrasil in Admirals NSH zone.
13:11 of 3rd period - Snap shot by Andrej Nestrasil.
13:11 of 3rd period - Shot Misses the Net.
13:41 of 3rd period - Snap shot by Nikita Nesterov.
13:41 of 3rd period - Shot Misses the Net.
14:22 of 3rd period - Brian Lashoff is hit by Christian Thomas and loses puck.
14:47 of 3rd period - Slapshot by Taylor Beck.
14:47 of 3rd period - Shot Misses the Net.
14:49 of 3rd period - Wrist shot by Liam O'Brien.
14:49 of 3rd period - Shot Blocked by Victor Bartley.
14:51 of 3rd period - Slapshot by Michal Rozsival.
14:51 of 3rd period - Goal by Michal Rozsival - Rampage : 1 - Admirals NSH : 2.
14:52 of 3rd period - Tanner Richard wins face-off versus Jamie Wise in neutral zone.
14:55 of 3rd period - Slapshot by Michal Rozsival.
14:55 of 3rd period - Shot Misses the Net.
15:31 of 3rd period - Slapshot by Michal Rozsival.
15:31 of 3rd period - Shot Misses the Net.
15:33 of 3rd period - Slapshot by Keaton Ellerby.
15:33 of 3rd period - Shot Misses the Net.
15:48 of 3rd period - Nikita Nesterov is hit by Brett Hextall and loses puck.
16:09 of 3rd period - Andrew Desjardins is hit by Daniel Briere and loses puck.
16:36 of 3rd period - Wrist shot by Brian Lashoff.
16:36 of 3rd period - Stopped by Pheonix Copley with a rebound.
17:26 of 3rd period - Brett Hextall is hit by Michael Pelech and loses puck.
17:33 of 3rd period - Slapshot by Joel Chouinard.
17:33 of 3rd period - Deflect By Liam O'Brien.
17:33 of 3rd period - Shot Blocked by Nikita Nesterov.
17:33 of 3rd period - Puck is out of play.
17:34 of 3rd period - Wade Megan wins face-off versus FARM PLAYER10 in Admirals NSH zone.
17:41 of 3rd period - Joel Chouinard is hit by Michael Pelech and loses puck.
18:11 of 3rd period - Wrist shot by Andrej Nestrasil.
18:11 of 3rd period - Stopped by Chad Johnson with a rebound.
18:27 of 3rd period - Snap shot by Andrej Nestrasil.
18:27 of 3rd period - Shot Blocked by Fredrik Claesson.
18:52 of 3rd period - Michal Rozsival is hit by Frazer McLaren and loses puck.
19:03 of 3rd period - Snap shot by Victor Bartley.
19:03 of 3rd period - Deflect By Eric Faille.
19:03 of 3rd period - Stopped by Pheonix Copley with a rebound.
19:18 of 3rd period - Michal Rozsival is hit by Cameron Schilling and loses puck.
19:31 of 3rd period - Slapshot by Mike Blunden.
19:31 of 3rd period - Stopped by Pheonix Copley with a rebound.
19:56 of 3rd period - Matt Dumba is hit by Mike Blunden.
Goals for this period are 1 for Rampage vs 1 for Admirals NSH.
Shots for this period are 8 for Rampage vs 14 for Admirals NSH.